 Dungeon Crawl Stone Soup version 0.14-b1-37-g9a7a16d (webtiles) character file.

394 Aelig the Sneak (level 5, -3/25 HPs)
             Began as a Spriggan Warper on Apr 6, 2014.
             Killed from afar by a hobgoblin (8 damage)
             ... with a wand of magic darts
             ... on Level 5 of the Dungeon.
             The game lasted 00:34:29 (4431 turns).

Aelig the Sneak (Spriggan Warper)                   Turns: 4431, Time: 00:34:29

HP  -3/25        AC  2     Str  7      XL: 5   Next: 52%
MP  17/17        EV 18     Int 15      God:
Gold 190         SH  0     Dex 16      Spells:  2 memorised,  8 levels left

rFire  . . .     SeeInvis +     a - +0 short sword
rCold  . . .     Clarity  .     b - +0 robe
rNeg   . . .     Conserve .     (shield restricted)
rPois  .         rCorr    .     (helmet restricted)
rElec  .         rRot     .     (no cloak)
SustAb . .       Spirit   .     (gloves unavailable)
rMut   .         Warding  .     (boots unavailable)
Saprov . . .     Stasis   .     (no amulet)
MR     .....                    (no ring)
                                (no ring)

@: very quick, not resistant to hostile enchantments, very stealthy
A: unfitting armour, see invisible, herbivore 3, speed 3, slow metabolism 2
a: no special abilities


You were on level 5 of the Dungeon.
You were not hungry.

You visited 1 branch of the dungeon, and saw 5 of its levels.

You collected 190 gold pieces.

Inventory:

Hand weapons
 a - a +0,+0 short sword (weapon)
Missiles
 e - 14 darts (quivered)
 f - 10 darts of dispersal
 j - 30 poisoned needles
Armour
 b - a +0 robe (worn)
Magical devices
 C - a wand of magic darts (8)
Comestibles
 n - 2 bread rations
 x - a choko
 E - a lemon
Scrolls
 d - a scroll of blinking
 h - 2 scrolls of random uselessness {unknown}
 k - 6 scrolls of identify {unknown}
 l - 2 scrolls of recharging {unknown}
 m - a scroll of teleportation {unknown}
 p - 3 scrolls of enchant weapon I {unknown}
 q - a scroll of enchant weapon II {unknown}
 r - 5 scrolls of remove curse {unknown}
 s - a scroll of noise {unknown}
 y - a scroll of fog {unknown}
 D - a scroll of amnesia {unknown}
Jewellery
 i - an uncursed ring of protection from fire {unknown}
 t - an uncursed amulet of rage {unknown}
Potions
 g - a potion of porridge
 o - 2 potions of curing {unknown}
 v - a potion of might {unknown}
 z - a potion of poison {unknown}
 A - a potion of paralysis {unknown}
 B - a potion of degeneration {unknown}
 F - a potion of berserk rage {unknown}
Books
 c - a book of Spatial Translocations

   Spells                             Type                      Level
   *Apportation                       Translocation                1
   *Blink                             Translocation                2
   Shroud of Golubria                 Charms/Translocation         2
   Portal Projectile                  Translocation                3
   Teleport Other                     Translocation                3
   Passage of Golubria                Translocation                4


   Skills:
 - Level 1.5 Fighting
 + Level 3.7 Short Blades
 - Level 1.1 Throwing
 - Level 3.5 Dodging
 * Level 6.2 Stealth
 + Level 3.8 Spellcasting
 - Level 4.4 Translocations


You had 8 spell levels left.
You knew the following spells:

 Your Spells              Type           Power        Failure   Level  Hunger
a - Apportation           Tloc           ###.......   3%          1    None
b - Blink                 Tloc           N/A          6%          2    ##.....


Dungeon Overview and Level Annotations

Branches:
Dungeon (5/15)
 Temple: D:4-7

Altars:
Nemelex Xobeh
Vehumet

Shops:
D:5 %

Annotations:
D:3 exclusion: downstairs
D:4 Eustachio
D:5 exclusions: door and 1 more exclusion, Blork the orc


Innate Abilities, Weirdness & Mutations

You are tiny and cannot use many weapons and most armour.
You have supernaturally acute eyesight.
You are a herbivore.
You cover ground extremely quickly.
You need consume almost no food.


Message History

Eustachio zaps a wand.
You resist with almost no effort.
Eustachio gestures wildly while chanting.
Eustachio mumbles some strange words.
Eustachio blinks!
There is a stone staircase leading down here.
Eustachio zaps a wand.
You resist with almost no effort.
There is a stone staircase leading down here.
You climb downwards.
Level annotation: exclusions: door and 1 more exclusion, Blork the orc
There is a stone staircase leading up here.
The scorpion is too close now for your liking.
Found 17 stones and 9 darts.
Found a radiant altar of Vehumet.
A hobgoblin and a kobold come into view.
The hobgoblin shouts!
The hobgoblin zaps a wand.
The magic dart hits you!
* * * LOW HITPOINT WARNING * * *
A rat comes into view.
The hobgoblin zaps a wand.
The magic dart hits you!
You die...

... .r....#.
.....g.. .K.#._.
. . ..... ...
#.(....#...#
#.##.(.....#
+............
#.##@# #.##.#
#....# #....#
#...## #...# .
#...# #.#
####...########.#
#
#.....s......##..
...


You could see a scorpion, a hobgoblin, a kobold and a rat.

Vanquished Creatures
  An orc wizard (D:3)
  An iguana (D:4)
  A worker ant (D:4)
  A hound zombie (D:5)
  4 adders
  An inept item mimic (D:4)
  An adder zombie (D:4)
  4 giant geckos
  An ooze (D:4)
  3 orcs (D:3)
  5 bats
  7 giant cockroaches
  7 hobgoblins
  3 quokkas
  A giant gecko skeleton (D:4)
  2 giant newts
  7 goblins
  12 kobolds
  10 rats
72 creatures vanquished.

Notes
Turn   | Place    | Note
--------------------------------------------------------------
     0 | D:1      | Aelig, the Spriggan Warper, began the quest for the Orb.
     0 | D:1      | Reached XP level 1. HP: 10/10 MP: 4/4
   122 | D:1      | Reached skill level 1 in Stealth
   172 | D:1      | Reached XP level 2. HP: 9/14 MP: 7/7
   783 | D:1      | Reached XP level 3. HP: 9/18 MP: 11/11
   847 | D:1      | Learned a level 2 spell: Blink
  2424 | D:4      | Noticed Eustachio
  2614 | D:4      | Reached XP level 4. HP: 14/22 MP: 13/13
  2692 | D:5      | Entered Level 5 of the Dungeon
  3658 | D:3      | Reached skill level 5 in Stealth
  3726 | D:3      | Found a sparkling altar of Nemelex Xobeh.
  3738 | D:3      | Reached XP level 5. HP: 4/25 MP: 17/17
  4218 | D:4      | Reached skill level 6 in Stealth
  4235 | D:5      | Found Julooboykk's Food Boutique.
  4295 | D:5      | Noticed Blork the orc
  4429 | D:5      | Found a radiant altar of Vehumet.
  4431 | D:5      | Killed from afar by a hobgoblin

Action                   |  1- 3 |  4- 6 || total
-------------------------+-------+-------++-------
Melee: Short sword       |   172 |   126 ||   298
Throw: Dart              |    23 |       ||    23
 Cast: Apportation       |    12 |     4 ||    16
       Blink             |       |     1 ||     1
Evoke: Wand              |       |    20 ||    20
  Use: Potion            |     1 |       ||     1
 Stab: Sleeping          |     5 |     6 ||    11
       Distracted        |       |     1 ||     1
